 Dungeon Crawl Stone Soup version 0.19-a0-1786-g230130f (webtiles) character file.

2950 Amnesiac the Thrower (level 9, -1/101 HPs)
             Began as an Ogre Hunter on Oct 3, 2016.
             Slain by a killer bee (6 damage)
             ... on level 8 of the Dungeon.
             The game lasted 00:12:36 (7695 turns).

Amnesiac the Thrower (Ogre Hunter)                  Turns: 7695, Time: 00:12:37

Health: -1/101     AC:  3    Str: 19    XL:     9   Next: 81%
Magic:  9/9        EV: 10    Int: 10    God:
Gold:   337        SH:  0    Dex: 17    Spells: 0 memorised, 8 levels left

rFire  . . .     SeeInvis .     a - +2 spear (venom)
rCold  . . .     Gourm    .     b - +0 robe
rNeg   . . .     Faith    .     (no shield)
rPois  .         Spirit   .     (helmet restricted)
rElec  .         Dismiss  +     (no cloak)
rCorr  .         Reflect  .     (gloves unavailable)
MR     .....     Harm     .     (boots unavailable)
Stlth  ++........               q - amulet "Saomain" {Dismiss Dex+4 Slay+3}
                                (no ring)
                                (no ring)

@: lethally poisoned (-1 -> -12)
A: unfitting armour, tough skin 1
a: no special abilities


You were on level 8 of the Dungeon.
You were not hungry.

You visited 2 branches of the dungeon, and saw 9 of its levels.
You also visited: Ossuary.

You collected 337 gold pieces.

Inventory:

Hand Weapons
 a - a +2 spear of venom (weapon)
 w - a +0 quarterstaff
 x - a +3 quarterstaff
Missiles
 c - 2 large rocks (quivered)
Armour
 b - a +0 robe (worn)
Jewellery
 m - an uncursed amulet of magic regeneration
 q - the amulet "Saomain" (around neck) {Dismiss Dex+4 Slay+3}
   (You found it on level 4 of the Dungeon)

   [amulet of dismissal]

   It may teleport away creatures that harm you.
   It affects your dexterity (+4).
   It affects your accuracy and damage with ranged weapons and melee attacks
   (+3).
Wands
 d - a wand of random effects (22/48)
 E - a wand of acid (6/15)
Scrolls
 g - a scroll of acquirement {unknown}
 i - 2 scrolls of enchant weapon {unknown}
 o - 2 scrolls of remove curse {unknown}
 r - 7 scrolls of identify {unknown}
 s - a scroll of fog {unknown}
 t - 2 scrolls of enchant armour {unknown}
 y - a scroll of fear {unknown}
 F - a scroll of random uselessness {unknown}
 G - a scroll of teleportation {unknown}
Potions
 e - a potion of ambrosia {unknown}
 h - 4 potions of might
 k - 2 potions of curing
 l - a potion of berserk rage {unknown}
 p - 2 potions of beneficial mutation {unknown}
 v - a potion of lignification {unknown}
 z - a potion of magic {unknown}
 A - a potion of invisibility {unknown}
 B - a potion of cancellation {unknown}
 C - a potion of cure mutation {unknown}
 D - a potion of agility {unknown}
Comestibles
 f - 6 bread rations
 j - 5 meat rations
 n - 3 chunks of flesh


   Skills:
 + Level 10.0 Fighting
 * Level 11.5 Throwing
 - Level 1.7 Dodging
 - Level 0.7 Stealth


You had 8 spell levels left.
You didn't know any spells.

Dungeon Overview and Level Annotations

Branches:
Dungeon (8/15)             Temple (1/1) D:7
   Lair: D:8-11

Altars:
Ashenzari
Cheibriados
Dithmenos
Elyvilon
Fedhas
Gozag
Hepliaklqana
Kikubaaqudgha
Makhleb
Nemelex Xobeh
Qazlal
Ru
Sif Muna
Trog
Uskayaw
Vehumet
Xom
Yredelemnul
Zin
The Shining One

Shops:
D:5 (   D:6 *

Annotations:
D:4 1 runed door
D:7 1 runed door


Innate Abilities, Weirdness & Mutations

You are too large for most types of armour.
You have tough skin. (AC +1)


Message History

The killer bee rages.
The killer bee stings you!
* * * LOW HITPOINT WARNING * * *
The queen bee stings you!!
* * * LOW HITPOINT WARNING * * *
The killer bee barely misses you.
Okay, then.
You feel sick.
The killer bee rages.
The killer bee barely misses you.
You feel sick. The killer bee barely misses you.
Okay, then.
The killer bee stings you.
* * * LOW HITPOINT WARNING * * *
You are lethally poisoned!
The killer bee poisons you! The killer bee closely misses you.
There is an open door here.
* * * LOW HITPOINT WARNING * * *
You feel sick. The killer bee barely misses you. The killer bee stings you.
You die...

################....
#..............#....
#..............#....
#..............#....
#......#########....
#......#..........(.
#...y..'............
##y#####..........).
#..@...#............
#......#............
#......#.......(....
#......#............
#......#.....>..####
##########......#..).....#...
#........#......#........#...
#........'......#........'...
#.......##......#........#...


You could see a killer bee (berserk).

Vanquished Creatures
  The ghost of zkyp the Basher, a novice OpGl of Hepliaklqana (D:7)
  2 phantoms
  A centaur (D:7)
  An elf zombie (Ossuary)
  4 bullfrogs
  A wyvern zombie (D:6)
  2 scorpions
  A water moccasin skeleton (D:5)
  7 killer bees (D:8)
  3 howler monkeys
  8 wights (D:6)
  2 crimson imps (D:7)
  A centaur zombie (Ossuary)
  A bullfrog zombie (D:7)
  A human zombie (Ossuary)
  4 hounds
  3 orc wizards
  A centaur skeleton (D:5)
  2 iguanas
  4 worker ants
  A killer bee zombie (D:7)
  2 big kobold zombies (Ossuary)
  A hound zombie (D:6)
  A hound skeleton (D:8)
  3 mummies
  Robin (D:3)
  A worker ant zombie (D:6)
  A howler monkey skeleton (D:8)
  10 adders
  A gnoll (D:5)
  An ooze (D:2)
  An adder skeleton (D:8)
  2 adder zombies (Ossuary)
  2 worms
  2 dart slugs
  2 leopard geckos
  26 orcs
  4 bats
  3 giant cockroaches
  9 goblins
  6 hobgoblins
  10 jackals
  A ball python (D:3)
  3 frilled lizards (D:2)
  2 goblin zombies (D:4)
  11 hobgoblin zombies (Ossuary)
  2 jackal zombies (Ossuary)
  2 kobolds
  7 kobold zombies (Ossuary)
  8 orc zombies
  4 rats
  2 rat zombies (Ossuary)
182 creatures vanquished.

Notes
Turn   | Place    | Note
-------+----------+-------------------------------------------
     0 | D:1      | Amnesiac the Ogre Hunter began the quest for the Orb.
     0 | D:1      | Reached XP level 1. HP: 22/22 MP: 1/1
    74 | D:2      | Reached XP level 2. HP: 28/31 MP: 2/2
   267 | D:2      | Found a glowing golden altar of the Shining One.
   267 | D:2      | Found a shadowy altar of Dithmenos.
   267 | D:2      | Found a deep blue altar of Sif Muna.
   545 | D:3      | Reached XP level 3. HP: 24/37 MP: 3/3
   828 | D:4      | Found a stormy altar of Qazlal.
   908 | D:4      | Reached skill level 5 in Throwing
   908 | D:4      | Reached XP level 4. HP: 37/48 MP: 4/4
   967 | D:4      | Got a flickering tin amulet
   969 | D:4      | Identified the amulet "Saomain" {Dismiss Dex+4 Slay+3} (You found it on level 4 of the Dungeon)
  1010 | D:4      | Found a runed door.
  1010 | D:4      | Noticed a human
  1031 | D:4      | Reached XP level 5. HP: 33/54 MP: 5/5
  1237 | D:4      | Reached skill level 6 in Throwing
  1352 | D:4      | Found a sand-covered staircase.
  1361 | D:4      | Reached XP level 6. HP: 27/63 MP: 6/6
  1371 | Ossuary  | Entered an ossuary
  1805 | Ossuary  | Reached skill level 5 in Fighting
  2011 | Ossuary  | Reached skill level 7 in Throwing
  2025 | Ossuary  | Reached XP level 7. HP: 31/72 MP: 7/7
  2418 | D:5      | Entered Level 5 of the Dungeon
  2419 | D:5      | Found Aqojea's Antique Weapon Boutique.
  2946 | D:5      | Found a shimmering altar of Xom.
  3444 | D:6      | Reached skill level 8 in Throwing
  3668 | D:6      | Reached XP level 8. HP: 62/84 MP: 8/8
  3819 | D:6      | Found Gozag's Platinum Reserve.
  3822 | D:6      | Found an opulent altar of Gozag.
  3870 | D:6      | Reached skill level 9 in Throwing
  5012 | D:7      | Reached skill level 10 in Throwing
  5051 | D:7      | Reached XP level 9. HP: 97/97 MP: 9/9
  5138 | D:7      | Found a runed door.
  5151 | D:7      | Noticed zkyp's ghost (novice OpGl)
  5154 | D:7      | Killed zkyp's ghost
  5182 | D:7      | Found a staircase to the Ecumenical Temple.
  5264 | Temple   | Entered the Ecumenical Temple
  6093 | D:3      | Noticed Robin
  6108 | D:3      | Killed Robin
  6308 | D:5      | Reached skill level 11 in Throwing
  7674 | D:8      | Reached skill level 10 in Fighting
  7676 | D:8      | Noticed a queen bee
  7695 | D:8      | HP: 5/101 [poisoned by a killer bee]
  7695 | D:8      | Slain by a killer bee

Vault maps used:
D:1:      minmay_arrival_five_plusses, corexii_hall_statues_i, moated_statue
D:2:      gammafunk_temple_overflow_claw
D:3:      first_bread, uniq_robin
D:4:      old_standard_altar, nicolae_ossuary_entry_giza, dk_yredelemnul_ordeal
D:5:      xom_butterflies, serial_shops, shop
D:6:      nicolae_gozag_zags_fifth_avenue
D:7:      uniq_crazy_yiuf_cottage
D:8:      okawaru_gym_becter, serial_shops, nicolae_shop_stone, david_nohive_1
Temple:   eino_temple_lava
Ossuary:  ossuary_tomb_1

Skill      XL: |  1  2  3  4  5  6  7  8  9 |
---------------+----------------------------+-----
Fighting       | 3 4 5 6 8 10 | 10.0
Throwing       | 5 6 7 8 10 11 | 11.5
Dodging        | |  1.7
Stealth        | |  0.7

Action                   |  1- 3 |  4- 6 |  7- 9 || total
-------------------------+-------+-------+-------++-------
Melee: Short sword       |    80 |   154 |    44 ||   278
       Quarterstaff      |       |       |    12 ||    12
       Spear             |       |       |   223 ||   223
Throw: Large rock        |     4 |    29 |    55 ||    88
       Throwing net      |       |     2 |     1 ||     3
  Use: Potion            |       |       |     3 ||     3
 Stab: Sleeping          |       |     1 |     4 ||     5
  Eat: Chunk             |       |     1 |    14 ||    15
       Fruit             |       |     1 |     3 ||     4
       Royal jelly       |       |     1 |       ||     1
       Pizza             |       |       |     1 ||     1
Armor: Robe              |    23 |    31 |    63 ||   117
Dodge: Dodged            |    44 |    80 |   155 ||   279
